 Dungeon Crawl Stone Soup version 0.29-a0-11-ga75d3d97ab (webtiles) character file.

Game seed: 10481706471128834342

3039 issech the Basher (level 9, -2/79 HPs)
             Began as a Troll Monk on Jan 29, 2022.
             Was a Believer of Hepliaklqana.
             Killed by divine providence
             ... invoked by an orc priest
              (14 damage)
             ... on level 7 of the Dungeon.
             The game lasted 00:22:37 (4954 turns).

issech the Basher (Troll Monk)                      Turns: 4954, Time: 00:22:37

Health: -2/79      AC:  7    Str: 21    XL:     9   Next: 56%
Magic:  8/8        EV: 12    Int:  6    God:    Hepliaklqana [**....]
Gold:   354        SH:  0    Dex: 16    Spells: 8/8 levels left

rFire   . . .      SeeInvis .   J - +0 giant spiked club
rCold   . . .      Faith    +   (shield currently unavailable)
rNeg    . . .      Spirit   .   b - +0 robe
rPois   .          Reflect  .   (helmet restricted)
rElec   .          Harm     .   u - +2 cloak
rCorr   .          Rampage  .   (gloves unavailable)
Will    +....                   (boots unavailable)
Stlth   ++........              n - amulet of faith
HPRegen 1.03/turn               d - ring of willpower
MPRegen 0.11/turn               m - ring of flight

@: flying
A: reduced essence, large, unfitting armour, claws 3, regeneration 1, shaggy fur
1, tough skin 1
a: Renounce Religion, Recall Ancestor, Ancestor Identity


You were on level 7 of the Dungeon.
You worshipped Hepliaklqana.
Hepliaklqana was pleased with you.
You visited 2 branches of the dungeon, and saw 8 of its levels.

You collected 354 gold pieces.

Inventory:

Hand Weapons
 a - a +0 mace
 q - the +4 hunting sling of Beogh's Benevolence {venom, Str+6 Dex+2}
   (You found it on level 2 of the Dungeon)

   Any ammunition fired from it poisons the flesh of those it strikes.
   Str:       It affects your strength (+6).
   Dex:       It affects your dexterity (+2).
 w - a +0 great mace
 B - a +0 flail
 C - a +6 dagger
 F - a +0 giant club
 J - a +0 giant spiked club (weapon)
 L - a +0 glaive
 M - a +2 whip of freezing
 P - a +4 dagger of pain
Missiles
 c - 47 sling bullets
 e - 181 stones (quivered)
 o - 52 arrows
 r - 14 poisoned darts
 v - 4 boomerangs
 I - 36 bolts
 T - 5 javelins
Armour
 b - a +0 robe (worn)
 u - a +2 cloak (worn)
Magical Staves
 x - a staff of death
Jewellery
 d - a ring of willpower (left claw)
 l - a ring of fire
 m - a ring of flight (right claw)
 n - an amulet of faith (around neck)
Wands
 D - a wand of paralysis (5)
 Q - a wand of flame (13)
 U - a wand of acid (9)
Scrolls
 i - 3 scrolls of silence {unknown}
 j - 2 scrolls of noise {unknown}
 p - 4 scrolls of teleportation {unknown}
 y - a scroll of amnesia {unknown}
 z - 5 scrolls of identify {unknown}
 E - 2 scrolls of fog {unknown}
 N - a scroll of enchant weapon {unknown}
 R - 3 scrolls of vulnerability {unknown}
Potions
 f - a potion of invisibility {unknown}
 g - 3 potions of curing {unknown}
 h - 4 potions of degeneration {unknown}
 k - 2 potions of heal wounds {unknown}
 s - a potion of magic {unknown}
 t - a potion of haste {unknown}
 A - 3 potions of ambrosia {unknown}
 G - a potion of attraction {unknown}
 H - a potion of brilliance {unknown}
 K - a potion of flight {unknown}
 O - a potion of might
 S - a potion of cancellation {unknown}


   Skills:
 + Level 5.3 Fighting
 + Level 9.1 Maces & Flails
 + Level 1.9 Slings
 + Level 5.6 Dodging
 + Level 2.1 Stealth


You had 8 spell levels left.
You didn't know any spells.
Your spell library contained the following spells:

 Spells                   Type           Power      Damage    Failure   Level
 Animate Skeleton         Necr           0%         N/A       45%         1
 Apportation              Tloc           0%         N/A       45%         1
 Pain                     Necr           0%         1d4       45%         1
 Summon Small Mammal      Summ           0%         N/A       45%         1
 Blink                    Tloc           0%         N/A       58%         2
 Corpse Rot               Necr/Air       0%         N/A       58%         2
 Ensorcelled Hibernation  Hex/Ice        0%         N/A       58%         2
 Passwall                 Tmut/Erth      0%         N/A       58%         2
 Poisonous Vapours        Pois/Air       0%         N/A       58%         2
 Lesser Beckoning         Tloc           0%         N/A       83%         3
 Swiftness                Air            0%         N/A       83%         3
 Vampiric Draining        Necr           0%         2d6       83%         3
 Alistair's Intoxication  Tmut/Pois      0%         N/A       100%        5
 Manifold Assault         Tloc           0%         N/A       100%        5


Dungeon Overview and Level Annotations

Branches:
Dungeon (7/15)             Temple (1/1) D:5

Altars:
Ashenzari
Cheibriados
Dithmenos
Elyvilon
Fedhas
Gozag
Hepliaklqana
Kikubaaqudgha
Makhleb
Nemelex Xobeh
Okawaru
Qazlal
Ru
Sif Muna
Uskayaw
Vehumet
Wu Jian
Xom
Yredelemnul
Zin
The Shining One

Annotations:
D:7 Menkaure


Innate Abilities, Weirdness & Mutations

Your life essence is reduced to manifest your ancestor. (-10% HP)
You are too large for most types of armour.
You have claws for hands.
Your natural rate of healing is unusually fast.
You are covered in fur. (AC +1)
You have tough skin. (AC +1)


Message History

The orc priest shouts!
You bludgeon the orc!!
You kill the orc!
You hear a shout!
The orc priest invokes the aid of Beogh against you.
Beogh smites you!
An orc comes into view. It is wielding a +0 whip.
An orc comes into view. It is wielding a +0 war axe.
Found 24 sling bullets.
The orc priest hits Ælfthryth with a +0 club.
The orc closely misses you. Ælfthryth hits the orc priest with a +0 quarterstaff!!
The orc priest dies!
You see here a +0 falchion.
You impale the orc!!
You kill the orc! Ælfthryth closely misses the orc warrior.
The orc warrior hits you with a +0 mace!
You hit the orc warrior but do no damage. Ælfthryth completely misses the orc warrior.
The orc warrior hits Ælfthryth with a +0 mace!
The orc warrior hits you with a +0 halberd!
An orc comes into view. It is wielding a +0 falchion.
You closely miss the orc warrior. Ælfthryth hits the orc warrior with a +0 quarterstaff!
The orc warrior hits Ælfthryth with a +0 mace!!
The orc warrior closely misses you.
The orc priest calls down the wrath of Beogh upon you.
Beogh smites you! The iguana bites you!
* * * LOW HITPOINT WARNING * * *
Ælfthryth hits the orc warrior with a +0 quarterstaff!
Menkaure, Prince of Dust comes into view.
The orc warrior hits Ælfthryth with a +0 mace! Ælfthryth is destroyed!
The orc warrior closely misses you.
The orc warrior hits you from afar with a +0 halberd!
* * * LOW HITPOINT WARNING * * *
The orc priest invokes the aid of Beogh against you.
Beogh smites you!
You die...

... ..:.......
#.##.......
#.....o..
#.#.)#)#
#...ooo#
##..ooo#####..
##.†#........
#..#l####...
##.#@#####
#.#.....# .#
#...###...#
...# ##..# ..
.... ##.## ..
.... #..# .#
#.. #..###.#
#.. #..##..# #
#.# #...#.# #.
###.#


You could see an orc warrior, an iguana, an orc priest, an orc wizard and 2
orcs.

Vanquished Creatures
  Duvessa (D:6)
  2 necrophages
  4 ogres
  3 phantoms
  The ghost of Clumpoid the Magician, an amateur GnWz (D:3)
  A water moccasin zombie (D:5)
  A scorpion (D:3)
  A wyvern skeleton (D:6)
  A howler monkey (D:4)
  3 orc priests
  A centaur skeleton (D:5)
  5 hounds
  3 jellies
  3 iguanas
  An orc wizard (D:6)
  2 hound skeletons
  A howler monkey skeleton (D:4)
  6 adders
  A white imp (D:6)
  An ufetubus (D:4)
  An adder zombie (D:3)
  2 worms (D:2)
  3 dart slugs
  13 orcs
  8 endoplasms
  A giant cockroach (D:2)
  9 goblins
  12 hobgoblins
  7 jackals
  9 kobolds
  A quokka (D:3)
  10 ball pythons
  6 bats
  2 frilled lizards
  8 rats
134 creatures vanquished.

Vanquished Creatures (collateral kills)
  Pikel (D:4)
  Prince Ribbit (D:5)
  An orc warrior (D:6)
  An ogre (D:6)
  A scorpion (D:5)
  Dowan (D:6)
  A water moccasin skeleton (D:5)
  A howler monkey (D:6)
  A centaur zombie (D:6)
  2 hounds (D:6)
  2 orc priests
  An orc wizard (D:5)
  2 adders (D:6)
  8 orcs
24 creatures vanquished.

Vanquished Creatures (others)
  2 battlemagi
  6 plants
8 creatures vanquished.

Grand Total: 166 creatures vanquished

Notes
Turn   | Place    | Note
-------+----------+-------------------------------------------
     0 | D:1      | issech the Troll Monk began the quest for the Orb.
     0 | D:1      | Reached XP level 1. HP: 22/22 MP: 0/0
   132 | D:1      | Reached XP level 2. HP: 20/29 MP: 1/1
   447 | D:1      | Reached skill level 3 in Maces & Flails
   538 | D:2      | Found a faded altar of an unknown god.
   628 | D:2      | Reached XP level 3. HP: 35/36 MP: 2/2
   868 | D:2      | Identified the +4 hunting sling of Beogh's Benevolence
                  | {venom, Str+6 Dex+2}
  1185 | D:3      | Noticed a scorpion
  1220 | D:3      | Killed a scorpion
  1221 | D:3      | Reached XP level 4. HP: 34/45 MP: 3/3
  1306 | D:3      | Found a transporter.
  1322 | D:3      | Noticed Clumpoid's ghost (amateur GnWz)
  1383 | D:3      | Reached skill level 1 in Slings
  1383 | D:3      | Reached XP level 5. HP: 53/53 MP: 4/4
  1646 | D:3      | Found a transporter.
  2019 | D:3      | Killed Clumpoid's ghost
  2020 | D:3      | Reached skill level 4 in Maces & Flails
  2022 | D:3      | Reached XP level 6. HP: 39/61 MP: 5/5
  2405 | D:4      | Reached skill level 5 in Maces & Flails
  2545 | D:4      | Reached XP level 7. HP: 67/67 MP: 6/6
  2888 | D:5      | Entered Level 5 of the Dungeon
  2988 | D:5      | Found a staircase to the Ecumenical Temple.
  3042 | D:5      | Reached skill level 6 in Maces & Flails
  3051 | D:5      | Reached XP level 8. HP: 59/78 MP: 7/7
  3272 | Temple   | Entered the Ecumenical Temple
  3280 | Temple   | Became a worshipper of Hepliaklqana the Forgotten
  3280 | Temple   | Reached * piety under Hepliaklqana
  3280 | Temple   | Reached ** piety under Hepliaklqana
  3281 | Temple   | Remembered your ancestor Ælfthryth as a battlemage
  3484 | D:5      | Reached skill level 7 in Maces & Flails
  3643 | D:5      | Noticed Prince Ribbit
  3661 | D:5      | Killed Prince Ribbit
  3886 | D:6      | Reached skill level 8 in Maces & Flails
  3990 | D:6      | Noticed Pikel
  4083 | D:4      | Killed Pikel
  4084 | D:4      | Reached skill level 5 in Dodging
  4084 | D:4      | Reached XP level 9. HP: 71/78 MP: 8/8
  4138 | D:6      | Reached skill level 5 in Fighting
  4280 | D:6      | Noticed Duvessa
  4281 | D:6      | Noticed Dowan
  4289 | D:6      | Killed Duvessa
  4291 | D:6      | Killed Dowan
  4396 | D:6      | Found a broken altar of Ashenzari.
  4607 | D:6      | Reached skill level 9 in Maces & Flails
  4950 | D:7      | Noticed Menkaure
  4954 | D:7      | Killed from afar by an orc priest

Illustrated notes

Levels and vault maps discovered:
D:1:      minmay_arrival_plants_in_alcoves, layout_rooms,
          minmay_misc_feat_ornament, grunt_decor_mini_mirrors, st_stairs_12,
          minmay_misc_feat_alley
D:2:      kennysheep_big_flooded_room, layout_rooms,
          hellmonk_ecumenical_altar_heavens_door
D:3:      corexii_shack_village, layout_loops_ring, gammafunk_ghost_arena,
          serial_bayou_pond_a
D:4:      layout_gridville, minmay_joined_circles
D:5:      layout_basic, minmay_temple_entry_large_hall, st_stairs_3,
          uniq_prince_ribbit1
D:6:      layout_gridville, mainiacjoe_overflow_cross_hatched, uniq_duvessa,
          uniq_pikel
D:7:      layout_rooms, serial_bayou_pond_d, uniq_menkaure
Temple:   regret_index_temple_chain_breaker

Skill      XL: |  1  2  3  4  5  6  7  8  9 |
---------------+----------------------------+-----
Maces & Flails | 3 4 5 6 8 9 |  9.1
Fighting       | 3 4 5 |  5.3
Dodging        | 3 4 5 |  5.6
Slings         | 1 |  1.9
Stealth        | 2 |  2.1

Action                   |  1- 3 |  4- 6 |  7- 9 || total
-------------------------+-------+-------+-------++-------
Melee: Mace              |   107 |    10 |       ||   117
       Punch             |     1 |       |       ||     1
       Great mace        |       |   139 |    46 ||   185
       Giant spiked club |       |       |   104 ||   104
 Fire: Hunting sling     |    20 |    36 |       ||    56
Invok: Ancestor Life: Ba |       |       |     1 ||     1
 Stab: Sleeping          |       |     2 |     1 ||     3
       Distracted        |       |       |     4 ||     4
Armor: Robe              |    59 |   134 |    85 ||   278
Dodge: Dodged            |    71 |   195 |   109 ||   375

Table legend: (Time is in decaauts)
 A = Elapsed time spent in this place.
 B = Non-inter-level travel time spent in this place.
 C = Inter-level travel time spent in this place.
 D = Time resting spent in this place.
 E = Time spent auto-exploring this place.
 F = Levels seen in this place.
 G = Mean time per level.
                   A        B        C        D        E       F      G
               +--------+--------+--------+--------+--------+-----+--------+
         Total |   5126 |   5065 |     61 |     61 |   1823 |   8 |  640.8 |
       Dungeon |   4967 |   4922 |     45 |     61 |   1706 |   7 |  709.6 |
        Temple |    158 |    142 |     16 |      0 |    117 |   1 |  158.0 |
               +--------+--------+--------+--------+--------+-----+--------+

Top non-repeatable levels by time:
     D:3: 947 daAuts
     D:5: 923 daAuts
     D:4: 910 daAuts
     D:6: 792 daAuts
     D:2: 684 daAuts
     D:1: 519 daAuts
     D:7: 189 daAuts
  Temple: 158 daAuts
